 Dungeon Crawl Stone Soup version 0.28-a0-722-gc0678643b6 (webtiles) character file.

Game seed: 11790912674620400670

61 Lekart the Skirmisher (level 3, -4/33 HPs)
             Began as a Draconian Abyssal Knight on Oct 24, 2021.
             Was a Follower of Lugonu.
             Slain by Crazy Yiuf (11 damage)
             ... on level 2 of the Dungeon.
             The game lasted 00:01:38 (1948 turns).

Lekart the Skirmisher (Draconian Abyssal Knight)    Turns: 1948, Time: 00:01:38

Health: -4/33      AC:  5    Str: 16    XL:     3   Next: 83%
Magic:  0/5        EV: 12    Int: 10    God:    Lugonu [*.....]
Gold:   51         SH:  0    Dex: 11    Spells: 2/2 levels left

rFire   . . .      SeeInvis .   a - +1 hand axe
rCold   . . .      Faith    .   (no shield)
rNeg    + . .      Spirit   .   (armour unavailable)
rPois   .          Reflect  .   (helmet restricted)
rElec   .          Harm     .   (no cloak)
rCorr   .          Rampage  .   (no gloves)
Will    .....                   (no boots)
Stlth   +.........              f - amulet of the acrobat
HPRegen 0.11/turn               d - ring of positive energy
MPRegen 0.09/turn               (no ring)

@: lethally poisoned (-4 -> -15), studying Staves
A: AC +5, unfitting armour, cold-blooded
a: Renounce Religion, Depart the Abyss


You were on level 2 of the Dungeon.
You worshipped Lugonu.
Lugonu was aware of your devotion.
You visited 1 branch of the dungeon, and saw 2 of its levels.
You visited the Abyss 1 time.

You collected 51 gold pieces.

Inventory:

Hand Weapons
 a - a +1 hand axe (weapon)
Jewellery
 d - a ring of positive energy (left hand)
 f - an amulet of the acrobat (around neck)
Scrolls
 b - a scroll of teleportation {unknown}
 i - a scroll of magic mapping {unknown}
 l - 2 scrolls of identify {unknown}
 m - a scroll of fear {unknown}
Potions
 c - 5 potions of curing {unknown}
 e - 2 potions of ambrosia {unknown}
 g - a potion of berserk rage {unknown}
 h - 3 potions of flight {unknown}
 j - a potion of magic {unknown}
 k - a potion of lignification {unknown}


   Skills:
 + Level 4.1 Fighting
 + Level 2.6 Axes
 + Level 2.5 Dodging
 * Level 2.6 Invocations


You had 2 spell levels left.
You didn't know any spells.
Your spell library was empty.

Dungeon Overview and Level Annotations

Branches:
Dungeon (2/15)

Altars:

Annotations:
D:2 Crazy Yiuf


Innate Abilities, Weirdness & Mutations

Your plain brown scales are hard. (AC +5)
You cannot fit into any form of body armour.
You are cold-blooded and may be slowed by cold attacks.


Message History

There is a stone staircase leading down here.
There is an open door here.
There is an open door here.
You see here a +0 robe.
You open the door.
There is an open door here.
Things that are here:
a +0 dagger; a +0 club Key pressed, stopping explore.
No target in view!
Crazy Yiuf shouts!
Could not explore, unopened runed door.
No reachable target in view!
No reachable target in view!
Could not explore, unopened runed door.
No reachable target in view!
No reachable target in view!
No reachable target in view!
You open the door.
Crazy Yiuf hits you with a +2 quarterstaff of chaos!
You feel your power leaking away.
You closely miss Crazy Yiuf. You tail-slap Crazy Yiuf.
Crazy Yiuf is lightly wounded.
Crazy Yiuf barely misses you.
You hit Crazy Yiuf but do no damage. You tail-slap Crazy Yiuf.
Crazy Yiuf is lightly wounded.
Crazy Yiuf laughs, "Spliff broken snail!"
Crazy Yiuf hits you with a +2 quarterstaff of chaos!
You are lethally poisoned!
You closely miss Crazy Yiuf. You tail-slap Crazy Yiuf.
Crazy Yiuf is moderately wounded.
You feel very sick.
Crazy Yiuf laughs, "Gum sow green!"
Crazy Yiuf barely misses you.
You hit Crazy Yiuf.
Your tail-slap misses Crazy Yiuf.
Crazy Yiuf is heavily wounded.
* * * LOW HITPOINT WARNING * * *
You feel very sick.
Crazy Yiuf hits you with a +2 quarterstaff of chaos!
You die...

#.#.......#.#.^...#
....###...#...#.#.#
#.#...........#.#.#
#.#.##..###########
....#...# ..#....##
.>....###### ###
..#.###....# ###..)#
..)........#####@g...#
#.##.##......#..##...#
............#.### ###
#.##....####### #.#...#.#
#.#.#<#.# ######### ###
#.#.###.# #.(.....# #.#
#'#.....###.......# #.#
...##.............#####.#


You could see Crazy Yiuf.

Vanquished Creatures
  An adder (D:2)
  A worm (D:2)
  2 dart slugs (D:1)
  6 bats
  3 endoplasms
  2 giant cockroaches
  4 goblins
  5 hobgoblins
  4 jackals (D:2)
  7 kobolds
  2 ball pythons
  2 frilled lizards
  A rat (D:2)
40 creatures vanquished.

Notes
Turn   | Place    | Note
-------+----------+-------------------------------------------
     0 | Abyss:1  | Lekart the Draconian Abyssal Knight began the quest for the
                  | Orb.
     0 | Abyss:1  | Reached XP level 1. HP: 19/19 MP: 2/2
   115 | Abyss:1  | Noticed a thrashing horror
   115 | Abyss:1  | Noticed a tentacled starspawn
   117 | Abyss:1  | Noticed a large abomination
   119 | D:1      | Escaped the Abyss
   306 | D:1      | Reached XP level 2. HP: 14/26 MP: 3/3
   703 | D:1      | Reached * piety under Lugonu
  1168 | D:2      | Reached XP level 3. HP: 29/33 MP: 4/4
  1219 | D:2      | Found a faded altar of an unknown god.
  1386 | D:2      | Reached skill level 4 in Fighting
  1746 | D:2      | Found a runed translucent door.
  1747 | D:2      | Noticed Crazy Yiuf
  1948 | D:2      | Slain by Crazy Yiuf

Illustrated notes

Levels and vault maps discovered:
D:1:      wheals_arrival_linesprint, layout_rooms, minmay_unequal
D:2:      layout_basic, ebering_ecumenical_altar_webs, minmay_misc_feat_x,
          minivault_26, uniq_crazy_yiuf_cottage

Skill      XL: |  1  2  3 |
---------------+----------+-----
Fighting       | 4 |  4.1
Axes           | |  2.6
Dodging        | |  2.5
Invocations    | |  2.6

Action                   || total
-------------------------++-------
Melee: Hand axe          ||   106
       Tailslap          ||    15
Invok: Depart the Abyss  ||     1
 Stab: Sleeping          ||     2
Armor: Skin              ||    31
Dodge: Dodged            ||   101

Table legend: (Time is in decaauts)
 A = Elapsed time spent in this place.
 B = Non-inter-level travel time spent in this place.
 C = Inter-level travel time spent in this place.
 D = Time resting spent in this place.
 E = Time spent auto-exploring this place.
 F = Levels seen in this place.
 G = Mean time per level.
                   A        B        C        D        E       F      G
               +--------+--------+--------+--------+--------+-----+--------+
         Total |   1969 |   1881 |     88 |    149 |   1459 |   3 |  656.3 |
       Dungeon |   1850 |   1762 |     88 |    149 |   1355 |   2 |  925.0 |
         Abyss |    119 |    119 |      0 |      0 |    104 |   1 |  119.0 |
               +--------+--------+--------+--------+--------+-----+--------+

Top non-repeatable levels by time:
     D:1: 1044 daAuts
     D:2: 806 daAuts
 Abyss:1: 119 daAuts
